 Dungeon Crawl Stone Soup version 0.19-a0-712-g899c6ed (webtiles) character file.

7 AlphabetPasta the Vexing (level 1, -3/7 HPs)
             Began as a Felid Enchanter on June 20, 2016.
             Slain by a kobold (4 damage)
             ... on level 1 of the Dungeon.
             The game lasted 00:01:30 (141 turns).

AlphabetPasta the Vexing (Felid Enchanter)           Turns: 141, Time: 00:01:31

Health: -3/7       AC:  1    Str:  4    XL:     1   Next: 91%
Magic:  2/4        EV: 18    Int: 16    God:
Gold:   16         SH:  0    Dex: 16    Spells: 1 memorised, 3 levels left
                                        Lives:  0   Deaths: 0

rFire  . . .     SeeInvis +       - Unarmed
rCold  . . .     Gourm    .     (armour unavailable)
rNeg   . . .     Faith    .     (shield unavailable)
rPois  .         Spirit   .     (helmet unavailable)
rElec  .         Dismiss  .     (cloak unavailable)
rCorr  .         Reflect  .     (gloves unavailable)
SustAt .         Harm     .     (boots unavailable)
MR     .....                    (no amulet)
Stlth  +++.......               (no ring)
                                (no ring)

@: quick, not resistant to hostile enchantments, fairly stealthy
A: no armour, no weapons or thrown items, claws 1, fangs 3, see invisible,
carnivore 3, speed 1, shaggy fur 1, slow metabolism 1, sharp paws
a: no special abilities


You were on level 1 of the Dungeon.
You were full.

You visited 1 branch of the dungeon, and saw 1 of its levels.

You collected 16 gold pieces.

Inventory:

Scrolls
 e - a scroll of identify {unknown}
 f - a scroll of fog {unknown}
Potions
 c - 2 potions of flight {unknown}
 d - a potion of curing {unknown}
Books
 a - a book of Maledictions

   Spells                             Type                      Level
   a - Corona                         Hexes                        1
   b - Ensorcelled Hibernation        Hexes/Ice                    2
   c - Confuse                        Hexes                        3
   d - Tukima's Dance                 Hexes                        3
   e - Dazzling Spray                 Conjuration/Hexes            3
Comestibles
 b - 2 meat rations


   Skills:
 + Level 3.1 Dodging
 + Level 4.3 Stealth
 + Level 1.1 Unarmed Combat
 + Level 2.0 Spellcasting
 * Level 4.4 Hexes


You had 3 spell levels left.
You knew the following spells:

 Your Spells              Type           Power        Failure   Level  Hunger
a - Corona                Hex            ###....      4%          1    #......


Dungeon Overview and Level Annotations

Branches:
Dungeon (1/15)

Altars:


Innate Abilities, Weirdness & Mutations

You cannot wear armour.
You are incapable of wielding weapons or throwing items.
You have sharp claws.
You have razor-sharp teeth.
You have supernaturally acute eyesight. (SInv)
You are carnivorous and can eat meat at any time.
You cover ground quickly.
You are covered in fur. (AC +1)
You have a slow metabolism.
Your sharp claws are effective at attacking unaware monsters.


Message History

Casting: Corona
Confirm with . or Enter, or press ? or * to list all spells.
Aiming: Corona
Press: ? - help, Shift-Dir - straight line, f/p - kobold
Aim: a kobold (softly glowing, chance to defeat MR: 84%)
The giant cockroach is outlined in light.
You scratch the giant cockroach.
The giant cockroach is severely wounded.
The giant cockroach misses you.
You scratch the giant cockroach.
You kill the giant cockroach!
The kobold throws a stone.
The stone hits you. The kobold misses you.
You see here a goblin corpse.
You barely miss the kobold. The kobold hits you.
* * * LOW HITPOINT WARNING * * *
You scratch the kobold but do no damage.
The kobold stops glowing.
The kobold hits you.
Ouch! That really hurt!
You die...

### ... ..# ####...
..# ......> #.##
....... #..## .s....#
#...########## .....
[...)........#####?.#
.........###...(@K.#
..........##..###.##
..........#.......#
..........#.####..#
.....(....#.# #..#
....(.....#.# ##...
.......)....# #...
.........#.### #.#
..#...)......#


You could see a kobold.

Vanquished Creatures
  2 giant cockroaches (D:1)
  A goblin (D:1)
  A hobgoblin (D:1)
  A giant newt (D:1)
  A kobold (D:1)
  A rat (D:1)
7 creatures vanquished.

Notes
Turn   | Place    | Note
--------------------------------------------------------------
     0 | D:1      | AlphabetPasta the Felid Enchanter began the quest for the Orb.
     0 | D:1      | Reached XP level 1. HP: 7/7 MP: 4/4
   141 | D:1      | Slain by a kobold

Vault maps used:
D:1:      lightli_iron_boxes

Skill      XL: |  1 |
---------------+----+-----
Dodging        | 3 |  3.1
Stealth        | |  4.3
Unarmed Combat | |  1.1
Spellcasting   | |  2.0
Hexes          | |  4.4

Action                   || total
-------------------------++-------
Melee: Unarmed           ||    11
 Cast: Corona            ||     2
 Stab: Sleeping          ||     4
  Eat: Chunk             ||     2
Dodge: Dodged            ||     3
